 Dungeon Crawl Stone Soup version 0.27.0-1-g7a089689b8 (webtiles) character file.

Game seed: 8658019144617474172

43 stebl the Insei (level 3, -10/28 HPs)
             Began as a Djinni Transmuter on Aug 8, 2021.
             Killed by nerve-wracking pain
             ... invoked by Grinder
              (14 damage)
             ... on level 3 of the Dungeon.
             The game lasted 00:05:17 (2581 turns).

stebl the Insei (Djinni Transmuter)                 Turns: 2581, Time: 00:05:17

Health: -10/28     AC:  3    Str:  9    XL:     3   Next: 82%
Gold:   84         EV: 12    Int: 15    God:
                   SH:  0    Dex: 13

rFire    + + .     SeeInvis .     - Unarmed
rCold    x . .     Faith    .   (no shield)
rNeg     . . .     Spirit   .   a - +0 robe
rPois    ∞         Reflect  .   (no helmet)
rElec    .         Harm     .   (no cloak)
rCorr    .         Rampage  .   b - +0 pair of gloves
Will     .....                  (boots unavailable)
Stlth    +.........             (no amulet)
HPRegen  0.09/turn              (no ring)
MPRegen  0.00/turn              (no ring)

@: flying
A: sickness immunity, fire resistance 2, cold vulnerability 1, float, innate
caster, hp casting, extra vitality 1
a: no special abilities


You were on level 3 of the Dungeon.
You visited 1 branch of the dungeon, and saw 3 of its levels.

You collected 84 gold pieces.

Inventory:

Armour
 a - a +0 robe (worn)
 b - a +0 pair of gloves (worn)
Jewellery
 c - a ring of fire
 e - a ring of ice
Scrolls
 d - 5 scrolls of teleportation {unknown}
 g - a scroll of identify {unknown}
 i - a scroll of amnesia {unknown}
 j - 2 scrolls of noise {unknown}
Potions
 f - a potion of heal wounds {unknown}
 h - a potion of brilliance {unknown}


   Skills:
 + Level 1.8 Fighting
 - Level 2.1 Dodging
 - Level 3.0 Unarmed Combat
 * Level 2.6 Spellcasting


You couldn't memorise any spells.
You knew the following spells:

 Your Spells              Type           Power      Damage    Failure   Level
a - Beastly Appendage     Tmut           20%        N/A       7%          1
b - Wereblood             Tmut           10%        N/A       11%         2
c - Spider Form           Tmut/Pois      5%         N/A       21%         3
d - Ice Form              Ice/Tmut       10%        N/A       56%         4
e - Shock                 Conj/Air       40%        1d5       7%          1
Your spell library was empty.

Dungeon Overview and Level Annotations

Branches:
Dungeon (3/15)

Altars:

Shops:
D:2 :

Annotations:
D:2 Robin
D:3 Grinder


Innate Abilities, Weirdness & Mutations

You are immune to sickness and miasma.
You are immune to poison.
Your flesh is very heat resistant. (rF++)
You are vulnerable to cold. (rC-)
You float through the air rather than walking.
You learn spells naturally, not from books.
Your magical power is your life essence.
You have superior vitality. (+4 HP)


Message History

The kobold hits you with a +0 club. Robin throws the goblin at you!
The hobgoblin barely misses you.
You barely miss the goblin.
A ball python comes into view.
The goblin hits you with a +0 club. The goblin misses you.
The hobgoblin hits you.
* * * LOW HITPOINT WARNING * * *
The kobold hits you with a +0 club.
* * * LOW HITPOINT WARNING * * *
The ball python moves out of view.
The goblin hits you but does no damage.
Your magical contamination has completely faded away.
The goblin hits you with a +0 club.
* * * LOW HITPOINT WARNING * * *
The goblin hits you with a +0 club.
* * * LOW HITPOINT WARNING * * *
The goblin hits you but does no damage.
The goblin no longer looks unusually strong.
Your transformation is almost over.
Your primal bloodlust is almost over.
The goblin no longer looks unusually strong. x2
The goblin no longer looks unusually strong.
Things that are here:
a rat skeleton; an adder skeleton Your horns disappear.
You see here a bat skeleton.
Your primal bloodlust has ended.
You see here a rat corpse.
There is a stone staircase leading down here.
The kobold hits you with a +0 club.
* * * LOW HITPOINT WARNING * * *
You fly downwards.
Grinder comes into view.
Grinder shouts!
You hear a shout!
Found a stone staircase leading down.
There is a stone staircase leading up here.
Grinder gestures at you. Pain shoots through your body!
Ouch! That really hurt!
You die...

## .# ##+######.#
#.........#
#.....#
.###...........###
..........###.#
........5..# #
............
............#
............#
########..


You could see Grinder and a kobold.

Vanquished Creatures
  An adder (D:2)
  A worm (D:2)
  2 giant cockroaches
  3 goblins (D:1)
  5 hobgoblins
  6 kobolds
  3 quokkas
  2 bats (D:2)
  5 frilled lizards (D:1)
  3 rats
31 creatures vanquished.

Notes
Turn   | Place    | Note
-------+----------+-------------------------------------------
     0 | D:1      | stebl the Djinni Transmuter began the quest for the Orb.
     0 | D:1      | Reached XP level 1. HP: 17/17 MP: 0/0
   502 | D:1      | Reached XP level 2. HP: 14/22 MP: 0/0
  1737 | D:2      | Reached XP level 3. HP: 22/27 MP: 0/0
  1737 | D:2      | Learned a level 1 spell: Shock
  2050 | D:2      | Found Noofas's Book Shoppe.
  2170 | D:2      | Found a faded altar of an unknown god.
  2527 | D:2      | Noticed Robin
  2578 | D:3      | Noticed Grinder
  2581 | D:3      | Killed from afar by Grinder

Illustrated notes

Levels and vault maps discovered:
D:1:      heliophobic_arrival_ceremonial_halls, layout_loops_corners,
          chequers_avenue, skrybe_limestone_x
D:2:      layout_basic, serial_shops, shop,
          shapermc_ecumenical_altar_starsandcircs, minmay_hexomino_u4,
          uniq_sigmund, uniq_robin
D:3:      layout_basic, hellmonk_ghost_happy_afterlife, uniq_grinder

Skill      XL: |  1 |
---------------+----+-----
Spellcasting   | 2 |  2.6
Fighting       | |  1.8
Dodging        | |  2.1
Unarmed Combat | |  3.0

Action                   || total
-------------------------++-------
Melee: Unarmed           ||   154
       Headbutt          ||    13
 Cast: Beastly Appendage ||    21
       Wereblood         ||     2
Armor: Robe              ||    34
Dodge: Dodged            ||    84
